IL
NASHVILLE SOUNDS @ TOLEDO MUD HENS
04/05/2045
 
TOP OF THE 1ST
Nashville Sounds batting - Pitching for Toledo Mud Hens : RHP Adam Huemmer
Pitching: RHP Adam Huemmer
Batting: RHB Jeff Garofalo 0-0: Ball
1-0: Ball
2-0: Ball
3-0: Base on Balls
Batting: RHB Luis Restrepo Pickoff Throw to First - Out! 1-3
0-0: Ball
1-0: Called Strike
1-1: Fly out, F8 (Flyball, 8LS, EV 90.0 MPH)
Batting: RHB Alan Oxenrider 0-0: Ball
1-0: Called Strike
1-1: Foul Ball, location: 2F
1-2: Strikes out swinging
Top of the 1st over - 0 runs, 0 hits, 0 errors, 0 left on base; Nashville 0 - Toledo 0
BOTTOM OF THE 1ST
Toledo Mud Hens batting - Pitching for Nashville Sounds : RHP Caleb Franklin
Pitching: RHP Caleb Franklin
Batting: LHB Jamel Alexander 0-0: Ball
1-0: Swinging Strike
1-1: Ball
2-1: Called Strike
2-2: Foul Ball, location: 2F
2-2: Ground out 4-3 (Groundball, 4, EV 83.8 MPH)
Batting: RHB Dave Calder 0-0: Ball
1-0: Ball
2-0: Swinging Strike
2-1: Called Strike
2-2: Ball
3-2: Foul Ball, location: 2F
3-2: Strikes out swinging
Batting: RHB Brady Jeleniewski 0-0: Ball
1-0: Called Strike
1-1: Swinging Strike
1-2: Foul Ball, location: 2F
1-2: Foul Ball, location: 2F
1-2: Strikes out looking
Bottom of the 1st over - 0 runs, 0 hits, 0 errors, 0 left on base; Nashville 0 - Toledo 0
TOP OF THE 2ND
Nashville Sounds batting - Pitching for Toledo Mud Hens : RHP Adam Huemmer
Batting: RHB Dusty Thompson 0-0: Called Strike
0-1: Called Strike
0-2: Strikes out looking
Batting: LHB Paul Perry 0-0: Ball
1-0: Ball
2-0: Called Strike
2-1: Foul Ball, location: 2F
2-2: Foul Ball, location: 2F
2-2: Foul Ball, location: 2F
2-2: Strikes out swinging
Batting: SHB Quincy Bradford 0-0: Called Strike
0-1: Foul Ball, location: 2F
0-2: Ball
1-2: Foul Ball, location: 2F
1-2: Foul Ball, location: 2F
1-2: Ball
2-2: Ground out 4-3 (Groundball, 34, EV 85.6 MPH)
Top of the 2nd over - 0 runs, 0 hits, 0 errors, 0 left on base; Nashville 0 - Toledo 0
BOTTOM OF THE 2ND
Toledo Mud Hens batting - Pitching for Nashville Sounds : RHP Caleb Franklin
Batting: SHB Jamie Roberts 0-0: Called Strike
0-1: Called Strike
0-2: Ball
1-2: Ball
2-2: Strikes out swinging, 2-3 out at first.
Batting: RHB Zach Koblinski 0-0: Called Strike
0-1: Swinging Strike
0-2: Ground out 6-3 (Groundball, 6, EV 85.0 MPH)
Batting: SHB Jared Boyce 0-0: Ball
1-0: Foul Ball, location: 2F
1-1: Ball
2-1: Called Strike
2-2: Foul Ball, location: 2F
2-2: Foul Ball, location: 2F
2-2: Ball
3-2: Foul Ball, location: 2F
3-2: SOLO HOME RUN (Line Drive, 78XD, EV 99.4 MPH), Distance : 394 ft
Batting: RHB Paul Wood 0-0: Ball
1-0: Called Strike
1-1: Ball
2-1: Swinging Strike
2-2: Strikes out looking
Bottom of the 2nd over - 1 run, 1 hit, 0 errors, 0 left on base; Nashville 0 - Toledo 1
TOP OF THE 3RD
Nashville Sounds batting - Pitching for Toledo Mud Hens : RHP Adam Huemmer
Batting: RHB Mike Cervino 0-0: Called Strike
0-1: Called Strike
0-2: Strikes out swinging
Batting: RHB Robby Godwin 0-0: Foul Ball, location: 2F
0-1: Fly out, F8 (Flyball, 8LM, EV 90.0 MPH)
Batting: SHB Todd Hewitt 0-0: Called Strike
0-1: Ball
1-1: Foul Ball, location: 2F
1-2: SINGLE (Line Drive, 78S, EV 91.2 MPH)
Batting: RHB Jeff Garofalo 0-0: Ball
1-0: Called Strike
Todd Hewitt steals 2nd base
1-1: Ball
2-1: Ground out 5-3 (Groundball, 56, EV 105.0 MPH)
Top of the 3rd over - 0 runs, 1 hit, 0 errors, 1 left on base; Nashville 0 - Toledo 1
BOTTOM OF THE 3RD
Toledo Mud Hens batting - Pitching for Nashville Sounds : RHP Caleb Franklin
Batting: RHB Josh Stinnett 0-0: Ball
1-0: Ball
2-0: Ball
3-0: Called Strike
3-1: Foul Ball, location: 2F
3-2: Foul Ball, location: 2F
3-2: Foul Ball, location: 2F
3-2: Strikes out swinging
Batting: RHB Casey Knutson 0-0: Fly out, F9 (Flyball, 89D, EV 96.2 MPH)
Batting: LHB Jamel Alexander 0-0: SINGLE (Groundball, 4MS, EV 63.8 MPH) (infield hit)
Batting: RHB Dave Calder 0-0: Called Strike
Jamel Alexander steals 2nd base (no throw)
0-1: Ball
1-1: Ground out 5-3 (Groundball, 56S, EV 84.4 MPH)
Bottom of the 3rd over - 0 runs, 1 hit, 0 errors, 1 left on base; Nashville 0 - Toledo 1
TOP OF THE 4TH
Nashville Sounds batting - Pitching for Toledo Mud Hens : RHP Adam Huemmer
Batting: RHB Luis Restrepo 0-0: Ball
1-0: Swinging Strike
1-1: Ball
2-1: Swinging Strike
2-2: Ball
3-2: Strikes out swinging
Batting: RHB Alan Oxenrider 0-0: Ball
1-0: Swinging Strike
1-1: Swinging Strike
1-2: Ground out 4-3 (Groundball, 4, EV 83.8 MPH)
Batting: RHB Dusty Thompson 0-0: Foul Ball, location: 2F
0-1: Ball
1-1: Swinging Strike
1-2: Ground out 5-3 (Groundball, 5S, EV 88.8 MPH)
Top of the 4th over - 0 runs, 0 hits, 0 errors, 0 left on base; Nashville 0 - Toledo 1
BOTTOM OF THE 4TH
Toledo Mud Hens batting - Pitching for Nashville Sounds : RHP Caleb Franklin
Batting: RHB Brady Jeleniewski 0-0: Ball
1-0: Called Strike
1-1: Foul Ball, location: 2F
1-2: Ground out 5-3 (Groundball, 56S, EV 70.6 MPH)
Batting: SHB Jamie Roberts 0-0: Ground out 5-3 (Groundball, 56, EV 103.1 MPH)
Batting: RHB Zach Koblinski 0-0: Ball
1-0: Ball
2-0: Ground out 6-3 (Groundball, 6S, EV 74.4 MPH)
Bottom of the 4th over - 0 runs, 0 hits, 0 errors, 0 left on base; Nashville 0 - Toledo 1
TOP OF THE 5TH
Nashville Sounds batting - Pitching for Toledo Mud Hens : RHP Adam Huemmer
Batting: LHB Paul Perry 0-0: Foul Ball, location: 2F
0-1: Swinging Strike
0-2: Ball
1-2: Ball
2-2: DOUBLE (Line Drive, 7LM, EV 100.6 MPH)
Batting: SHB Quincy Bradford 0-0: Ball
1-0: Fly out, F3 (Flyball, 3D, EV 88.1 MPH)
Batting: RHB Mike Cervino 0-0: Ball
1-0: Fly out, F6 (Flyball, 56D, EV 83.8 MPH)
Batting: RHB Robby Godwin 0-0: Ball
1-0: Ground out 2-3 (Groundball, 2L, EV 60.6 MPH)
Top of the 5th over - 0 runs, 1 hit, 0 errors, 1 left on base; Nashville 0 - Toledo 1
BOTTOM OF THE 5TH
Toledo Mud Hens batting - Pitching for Nashville Sounds : RHP Caleb Franklin
Batting: SHB Jared Boyce 0-0: Ball
1-0: Ball
2-0: Ground out 6-3 (Groundball, 6, EV 102.5 MPH)
Batting: RHB Paul Wood 0-0: Ground out 1-3 (Groundball, 15S, EV 63.8 MPH)
Batting: RHB Josh Stinnett 0-0: Called Strike
0-1: Called Strike
0-2: Fly out, F9 (Flyball, 9D, EV 87.5 MPH)
Bottom of the 5th over - 0 runs, 0 hits, 0 errors, 0 left on base; Nashville 0 - Toledo 1
TOP OF THE 6TH
Nashville Sounds batting - Pitching for Toledo Mud Hens : RHP Adam Huemmer
Batting: SHB Todd Hewitt 0-0: Called Strike
0-1: Called Strike
0-2: Ball
1-2: Strikes out swinging, 2-3 out at first.
Batting: RHB Jeff Garofalo 0-0: Ball
1-0: Ball
2-0: Called Strike
2-1: Foul Ball, location: 2F
2-2: Ball
3-2: Ground out U3 (Groundball, 3S, EV 94.4 MPH)
Batting: RHB Luis Restrepo 0-0: Ball
1-0: Called Strike
1-1: Ball
2-1: Ground out 6-3 (Groundball, 6, EV 83.1 MPH)
Top of the 6th over - 0 runs, 0 hits, 0 errors, 0 left on base; Nashville 0 - Toledo 1
BOTTOM OF THE 6TH
Toledo Mud Hens batting - Pitching for Nashville Sounds : RHP Caleb Franklin
Batting: RHB Casey Knutson 0-0: Called Strike
0-1: Foul Ball, location: 2F
0-2: Ball
1-2: Ball
2-2: Strikes out swinging
Batting: LHB Jamel Alexander 0-0: Foul Ball, location: 2F
0-1: Foul Ball, location: 2F
0-2: Strikes out swinging
Batting: RHB Dave Calder 0-0: Called Strike
0-1: Ball
1-1: Ball
2-1: Swinging Strike
2-2: Ball
3-2: Base on Balls
Batting: RHB Brady Jeleniewski 0-0: Ball
1-0: Fly out, F4 (Popup, 23, EV 84.4 MPH)
Bottom of the 6th over - 0 runs, 0 hits, 0 errors, 1 left on base; Nashville 0 - Toledo 1
TOP OF THE 7TH
Nashville Sounds batting - Pitching for Toledo Mud Hens : RHP Adam Huemmer
Batting: RHB Alan Oxenrider 0-0: SINGLE (Flyball, 6MD, EV 93.8 MPH)
Batting: RHB Dusty Thompson 0-0: Ball
1-0: Called Strike
1-1: Fly out, F8 (Flyball, 8RM, EV 87.5 MPH)
Batting: LHB Paul Perry 0-0: Called Strike
0-1: Foul Ball, location: 2F
0-2: Strikes out swinging
Batting: SHB Quincy Bradford 0-0: Ball
1-0: Ball
2-0: Ground out 4-3 (Groundball, 4, EV 85.6 MPH)
Top of the 7th over - 0 runs, 1 hit, 0 errors, 1 left on base; Nashville 0 - Toledo 1
BOTTOM OF THE 7TH
Toledo Mud Hens batting - Pitching for Nashville Sounds : RHP Caleb Franklin
Batting: SHB Jamie Roberts 0-0: Fly out, F3 (Line Drive, 3, EV 72.5 MPH)
Batting: RHB Zach Koblinski 0-0: Ball
1-0: Foul Ball, location: 2F
1-1: Called Strike
1-2: Strikes out swinging
Batting: SHB Jared Boyce 0-0: Called Strike
0-1: SOLO HOME RUN (Flyball, 9D, EV 91.9 MPH), Distance : 354 ft
Batting: RHB Paul Wood 0-0: Swinging Strike
0-1: Foul Ball, location: 2F
0-2: Ball
1-2: Foul Ball, location: 2F
1-2: Foul Ball, location: 2F
1-2: Ball
2-2: Strikes out swinging
Bottom of the 7th over - 1 run, 1 hit, 0 errors, 0 left on base; Nashville 0 - Toledo 2
TOP OF THE 8TH
Nashville Sounds batting - Pitching for Toledo Mud Hens : RHP Adam Huemmer
Now in LF: Raul Morales
Now in RF: Paul Wood
Batting: RHB Mike Cervino 0-0: Called Strike
0-1: Ball
1-1: Ball
2-1: Foul Ball, location: 2F
2-2: Foul Ball, location: 2F
2-2: Foul Ball, location: 2F
2-2: Ball
3-2: Base on Balls
Pitching: RHP Will Lane
Batting: RHB Robby Godwin 0-0: Fly out, F4 (Line Drive, 4, EV 63.8 MPH)
Batting: SHB Todd Hewitt 0-0: Called Strike
0-1: Ball
1-1: Swinging Strike
1-2: Foul Ball, location: 2F
1-2: Strikes out looking
Batting: RHB Jeff Garofalo 0-0: Fielders Choice at 2nd, 6-4 (Groundball, 6, EV 76.2 MPH)
Top of the 8th over - 0 runs, 0 hits, 0 errors, 1 left on base; Nashville 0 - Toledo 2
BOTTOM OF THE 8TH
Toledo Mud Hens batting - Pitching for Nashville Sounds : RHP Caleb Franklin
Batting: RHB Josh Stinnett 0-0: Ball
1-0: Ball
2-0: Ball
3-0: Base on Balls
Pitching: RHP Ben Voorhees
Batting: RHB Casey Knutson 0-0: Grounds into double play, 6-4-3 (Groundball, 6, EV 104.4 MPH)
Batting: LHB Jamel Alexander 0-0: Foul Ball, location: 2F
0-1: Ball
1-1: Called Strike
1-2: Ball
2-2: Strikes out looking
Bottom of the 8th over - 0 runs, 0 hits, 0 errors, 0 left on base; Nashville 0 - Toledo 2
TOP OF THE 9TH
Nashville Sounds batting - Pitching for Toledo Mud Hens : RHP Will Lane
Pitching: RHP Joe Bradford
Batting: RHB Luis Restrepo 0-0: SINGLE (Line Drive, 7S, EV 112.5 MPH)
Batting: RHB Alan Oxenrider 0-0: Ball
1-0: Swinging Strike
1-1: Foul Ball, location: 2F
1-2: Strikes out swinging
Batting: RHB Dusty Thompson 0-0: Called Strike
0-1: Ball
1-1: Swinging Strike
1-2: Strikes out swinging
Batting: LHB Paul Perry 0-0: Ball
1-0: Swinging Strike
1-1: Ball
2-1: Swinging Strike
2-2: Ball
3-2: Fly out, F6 (Flyball, 56D, EV 89.4 MPH)
Top of the 9th over - 0 runs, 1 hit, 0 errors, 1 left on base; Nashville 0 - Toledo 2
Wednesday, June 22nd , 2022 - OOTP Baseball 23.4 Build 64